 Dungeon Crawl Stone Soup version 0.29-a0-231-g945431f764 (webtiles) character file.

Game seed: 16721029368252154572

36603 fragbeetle the Grappler (level 13, -3/137 HPs)
             Began as a Troll Berserker on Feb 28, 2022.
             Was a High Priest of Trog.
             Slain by a black mamba (13 damage)
             ... on level 6 of the Lair of Beasts on Mar 1, 2022.
             The game lasted 00:31:22 (14650 turns).

fragbeetle the Grappler (Troll Berserker)          Turns: 14650, Time: 00:31:23

Health: -3/137     AC:  8    Str: 30    XL:     13   Next: 53%
Magic:  12/12      EV: 14    Int:  2    God:    Trog [*****.]
Gold:   1110       SH:  0    Dex: 14    Spells: 12/12 levels left

rFire   . . .      SeeInvis .   F - +9 morningstar of Fedhas's Castigation {holy, Fly rCorr Int-3 Dex+5}
rCold   . . .      Faith    .   (no shield)
rNeg    . . .      Spirit   .   J - +0 acid dragon scales
rPois   .          Reflect  .   (helmet restricted)
rElec   .          Harm     .   (no cloak)
rCorr   +          Rampage  .   (gloves unavailable)
Will    +....                   (boots unavailable)
Stlth   +.........              K - amulet of the acrobat
HPRegen 1.12/turn               M - +4 ring of evasion
MPRegen 0.13/turn               L - ring of willpower

@: lethally poisoned (-3 -> -31), on berserk cooldown, flying, slowed, very slow
A: large, unfitting armour, claws 3, regeneration 1, shaggy fur 1, tough skin 1
a: Renounce Religion, Berserk, Trog's Hand, Brothers in Arms


You were on level 6 of the Lair of Beasts.
You worshipped Trog.
Trog was extremely pleased with you.
You visited 2 branches of the dungeon, and saw 18 of its levels.

You collected 1335 gold pieces.
You spent 225 gold pieces at shops.

Inventory:

Hand Weapons
 w - a +0 giant spiked club
 F - the +9 morningstar of Fedhas's Castigation (weapon) {holy, Fly rCorr Int-3 Dex+5}
   (You bought it in a shop on level 7 of the Dungeon)

   It has been blessed by the Shining One to cause great damage to the undead
   and demons.
   Int:       It affects your intelligence (-3).
   Dex:       It affects your dexterity (+5).
   Fly:       It grants you flight.
   rCorr:     It protects you from acid and corrosion.
 O - a +3 great mace
Missiles
 k - 24 poisoned darts
 v - 16 boomerangs
 C - an atropa-tipped dart
 E - 4 large rocks (quivered)
Armour
 G - a +0 robe of willpower
 J - +0 acid dragon scales (worn)
Jewellery
 b - a ring of poison resistance
 d - a +4 ring of evasion
 y - a +6 ring of dexterity
 K - an amulet of the acrobat (around neck)
 L - a ring of willpower (right claw)
 M - a +4 ring of evasion (left claw)
Wands
 t - a wand of flame (45)
 N - a wand of charming (3)
 Q - a wand of mindburst (7)
 R - a wand of digging (7)
 S - a wand of iceblast (2)
Scrolls
 a - 7 scrolls of enchant weapon
 e - a scroll of identify
 g - 9 scrolls of fog
 h - 2 scrolls of vulnerability
 j - a scroll of acquirement {unknown}
 m - 9 scrolls of teleportation
 n - a scroll of blinking {unknown}
 q - 4 scrolls of enchant armour
 r - 2 scrolls of immolation
 u - 2 scrolls of brand weapon {unknown}
 x - 4 scrolls of summoning {unknown}
 B - 2 scrolls of holy word {unknown}
 D - 3 scrolls of magic mapping
 T - a scroll of fear {unknown}
Potions
 c - 2 potions of magic {unknown}
 l - 2 potions of berserk rage
 s - 3 potions of flight
 z - 2 potions of curing
 A - 6 potions of haste
 H - 2 potions of mutation
 I - 2 potions of lignification


   Skills:
 + Level 11.1 Fighting
 + Level 10.8 Maces & Flails
 - Level 10.0 Throwing
 - Level 2.4 Dodging
 - Level 12.6 Unarmed Combat


You had 12 spell levels left.
You didn't know any spells.
Your spell library was empty.

Dungeon Overview and Level Annotations

Branches:
Dungeon (12/15)            Temple (0/1) D:7            Lair (6/6) D:11
  Swamp (0/4) Lair:4       Spider (0/4) Lair:3          Orc (0/2) D:10
  Slime: Lair:5-6

Altars:
Xom
The Shining One

Shops:
D:7 (

Annotations:
D:11 exclusion: downstairs
D:12 Azrael
Lair:6 1 runed translucent door


Innate Abilities, Weirdness & Mutations

You are too large for most types of armour.
You have claws for hands.
Your natural rate of healing is unusually fast.
You are covered in fur. (AC +1)
You have tough skin. (AC +1)


Message History

You are exhausted.
You feel yourself slow down.
You feel sick.
You feel sick.
You feel sick.
You are no longer poisoned.
A black mamba comes into view.
A wyvern comes into view.
The black mamba moves out of view.
You feel better. The yak completely misses you.
The black mamba completely misses you. x2
You barely miss the black mamba. You claw the black mamba.
The black mamba is lightly wounded.
The black mamba bites you but does no damage.
The black mamba closely misses you.
You impale the black mamba!!
The black mamba is severely wounded.
You hear a bellow!
The black mamba barely misses you. The black mamba bites you.
* * * LOW HITPOINT WARNING * * *
The yak gores the fungus!!
The fungus begins to die.
The black mamba bites you.
* * * LOW HITPOINT WARNING * * *
You hear a bellow! x2
You barely miss the black mamba.
The black mamba is severely wounded.
The black mamba completely misses you.
The yak gores the fungus.
The fungus begins to die.
The yak gores the fungus!
The black mamba bites you.
* * * LOW HITPOINT WARNING * * *
You are poisoned.
The black mamba poisons you!
The yak gores the fungus! x2
You hear a bellow!
You hit the black mamba.
The black mamba is almost dead.
You feel extremely sick.
You hear an angry hiss.
The black mamba bites you.
* * * LOW HITPOINT WARNING * * *
You are lethally poisoned!
The black mamba poisons you! The black mamba closely misses you.
The yak gores the fungus.
The yak gores the fungus!
The black mamba bites you!
You die...

........#..####......###
..+..<.8..(.##รท#.....#.#
..#...........#........#
...#.8..#..............#
.#######...P#..##......#
.##.....#..######.....##
####.....### #.^...# #
#.......# ##P....##
##......## #@SY....#
##.#.......######PY....#
..........P..#.#.......#
.......................#
P...............P.....##
....(.....P...........#
..(..P...P......##...P#
.(P.............#######
................#


You could see a black mamba and 2 yaks.

Vanquished Creatures
  Snorg (D:11)
  4 hydras
  A catoblepas (Lair:6)
  A two-headed ogre (D:10)
  The ghost of Foxy the Martial Artist, a novice MfTm of Gozag (D:7)
  3 death yaks (D:11)
  A torpor snail (Lair:6)
  7 black mambas
  6 cane toads
  A gargoyle (D:10)
  2 rime drakes
  3 komodo dragons
  4 tyrant leeches (Lair:4)
  A troll (D:6)
  6 hornets
  15 blink frogs
  18 dream sheep
  A vampire (D:11)
  4 wyverns
  31 yaks
  Grum (D:10)
  2 steam dragons (D:7)
  2 basilisks
  3 redbacks (Lair:3)
  2 wargs (D:10)
  4 vampire mosquitoes (D:8)
  2 swamp worms
  An acid dragon (D:9)
  11 water moccasins
  4 black bears
  A sky beast (D:7)
  2 ice beasts
  3 ogres
  24 wolves
  3 centaurs
  A kobold brigand (D:11)
  2 phantoms
  9 bullfrogs
  5 wights (D:7)
  3 scorpions
  A jelly (D:5)
  10 killer bees
  A howler monkey (D:5)
  6 crimson imps (D:10)
  5 hounds
  12 orc priests
  3 iguanas
  20 orc wizards
  5 gnolls
  9 adders
  4 shadow imps
  4 white imps
  An ufetubus (D:5)
  A worm (D:5)
  A dart slug (D:4)
  54 orcs
  3 bats
  8 endoplasms
  4 giant cockroaches
  7 goblins
  10 hobgoblins
  7 quokkas
  4 ball pythons
  4 frilled lizards
  7 kobolds
  6 rats
393 creatures vanquished.

Vanquished Creatures (collateral kills)
  A lindwurm (Lair:6)
  A polar bear (Lair:3)
  2 blink frogs (Lair:3)
  A basilisk (Lair:3)
5 creatures vanquished.

Vanquished Creatures (others)
  34 fungi
  56 plants
90 creatures vanquished.

Grand Total: 488 creatures vanquished

Notes
Turn   | Place    | Note
-------+----------+-------------------------------------------
     0 | D:1      | fragbeetle the Troll Berserker began the quest for the Orb.
     0 | D:1      | Reached XP level 1. HP: 22/22 MP: 0/0
   177 | D:1      | Reached XP level 2. HP: 26/29 MP: 1/1
   354 | D:1      | Reached skill level 4 in Unarmed Combat
   409 | D:1      | Reached XP level 3. HP: 36/36 MP: 2/2
   784 | D:2      | Reached ** piety under Trog
  1015 | D:2      | Reached XP level 4. HP: 34/44 MP: 3/3
  1025 | D:2      | Reached skill level 5 in Unarmed Combat
  1880 | D:4      | Noticed a scorpion
  1888 | D:4      | Killed a scorpion
  1889 | D:4      | Reached skill level 6 in Unarmed Combat
  1889 | D:4      | Reached XP level 5. HP: 50/50 MP: 4/4
  1905 | D:4      | Noticed a phantom
  1907 | D:4      | Killed a phantom
  1935 | D:4      | Reached skill level 7 in Unarmed Combat
  1935 | D:4      | Reached XP level 6. HP: 49/59 MP: 5/5
  2014 | D:4      | Reached *** piety under Trog
  2266 | D:4      | Reached skill level 8 in Unarmed Combat
  2266 | D:4      | Reached XP level 7. HP: 59/66 MP: 6/6
  2350 | D:5      | Entered Level 5 of the Dungeon
  2416 | D:5      | Found a glowing golden altar of the Shining One.
  2591 | D:5      | Reached skill level 9 in Unarmed Combat
  2830 | D:5      | Reached XP level 8. HP: 65/74 MP: 7/7
  2885 | D:5      | Reached skill level 10 in Unarmed Combat
  3062 | D:5      | You fall into a shaft and drop 1 floor!
  3549 | D:6      | Reached **** piety under Trog
  3724 | D:6      | Reached skill level 5 in Fighting
  3854 | D:6      | Noticed a troll
  3862 | D:6      | Killed a troll
  4031 | D:7      | Reached XP level 9. HP: 91/91 MP: 8/8
  4380 | D:7      | Found a staircase to the Ecumenical Temple.
  4426 | D:7      | Found a runed translucent gate.
  4426 | D:7      | Found a runed translucent gate.
  4430 | D:7      | Found a runed translucent gate.
  4430 | D:7      | Noticed Foxy's ghost (novice MfTm)
  4447 | D:7      | Killed Foxy's ghost
  4630 | D:7      | Found Usmab's Antique Weapon Shoppe.
  4636 | D:7      | Bought a fine morningstar for 225 gold pieces
  4636 | D:7      | Identified the +9 morningstar of Fedhas's Castigation
                  | {holy, Fly rCorr Int-3 Dex+5} (You bought it in a shop on
                  | level 7 of the Dungeon)
  4684 | D:7      | Reached skill level 1 in Maces & Flails
  4684 | D:7      | Reached skill level 1 in Throwing
  5095 | D:8      | Reached XP level 10. HP: 102/106 MP: 9/9
  5272 | D:8      | Paralysed by a hornet for 2 turns
  6562 | D:9      | Reached skill level 5 in Maces & Flails
  6562 | D:9      | Reached skill level 5 in Throwing
  6758 | D:10     | Entered Level 10 of the Dungeon
  6817 | D:10     | Noticed a two-headed ogre
  6824 | D:10     | Killed a two-headed ogre
  6860 | D:10     | Noticed a gargoyle
  6871 | D:10     | Killed a gargoyle
  7017 | D:10     | Reached ***** piety under Trog
  7113 | D:10     | Found a staircase to the Orcish Mines.
  7193 | D:10     | Noticed Grum
  7195 | D:10     | Killed Grum
  7541 | D:11     | Reached XP level 11. HP: 113/113 MP: 10/10
  7767 | D:11     | Noticed a death yak
  7783 | D:11     | Killed a death yak
  7785 | D:11     | Found a staircase to the Lair.
  7785 | D:11     | Noticed a death yak
  7785 | D:11     | Noticed a death yak
  7802 | D:11     | Killed a death yak
  7809 | D:11     | Killed a death yak
  8120 | D:11     | Noticed Snorg
  8130 | D:11     | Killed Snorg
  8347 | D:11     | Found a shimmering altar of Xom.
  8424 | D:12     | Noticed Azrael
  8462 | Lair:1   | Entered Level 1 of the Lair of Beasts
  8493 | Lair:1   | You fall into a shaft and drop 1 floor!
  8808 | Lair:2   | HP: 3/113 [poisoned by a cane toad]
  9049 | Lair:2   | Received a gift from Trog
  9367 | Lair:1   | Reached XP level 12. HP: 101/122 MP: 11/11
 10551 | Lair:3   | Reached skill level 10 in Maces & Flails
 10551 | Lair:3   | Reached skill level 10 in Throwing
 11032 | Lair:3   | Found a hole to the Spider Nest.
 11749 | Lair:4   | Identified the +3 long sword of Sacunnis {speed, Str+5}
 11897 | Lair:3   | Reached skill level 11 in Unarmed Combat
 12263 | Lair:4   | Found a staircase to the Swamp.
 12487 | Lair:5   | Noticed a six-headed hydra
 12495 | Lair:5   | Killed a six-headed hydra
 12773 | Lair:5   | Reached skill level 10 in Fighting
 12977 | Lair:5   | Reached skill level 12 in Unarmed Combat
 12985 | Lair:5   | Reached XP level 13. HP: 79/133 MP: 12/12
 13553 | Lair:6   | Entered Level 6 of the Lair of Beasts
 14194 | Lair:6   | Found a runed translucent door.
 14195 | Lair:6   | Noticed a fire dragon
 14227 | Lair:6   | Paralysed by a hornet for 3 turns
 14236 | Lair:6   | HP: 10/202 [torpor snail (20)]
 14237 | Lair:6   | HP: 3/202 [hornet (9)]
 14252 | Lair:6   | HP: 5/135 [lindwurm (5)]
 14561 | Lair:6   | Received a gift from Trog
 14628 | Lair:6   | HP: 10/205 [eight-headed hydra (5)]
 14628 | Lair:6   | HP: 4/205 [eight-headed hydra (6)]
 14633 | Lair:6   | HP: 3/205 [poisoned by a black mamba]
 14638 | Lair:6   | HP: 4/137 [poisoned by a black mamba]
 14650 | Lair:6   | Slain by a black mamba

Illustrated notes

Levels and vault maps discovered:
D:1:      psy_arrival_fountain, layout_basic, moated_statue
D:2:      minmay_spotlight, layout_rooms
D:3:      layout_rooms
D:4:      layout_rooms, patterned_corridor
D:5:      layout_gridville, mainiacjoe_overflow_small_starburst,
          serial_co_window_serial, co_window_paths_b, co_window_corner_a,
          co_window_paths_a, co_window_corner_a, co_window_of_opportunity_a,
          co_window_corner_a, co_window_2corner, co_window_2corner,
          co_window_unsneaky_path_c, co_window_corner_b, glass_columns_a,
          glass_columns_a, glass_columns_a, glass_columns_b
D:6:      layout_cave_pools, minmay_misc_feat_enclosed
D:7:      minmay_flawed_box, layout_loops_corners, minmay_temple_entry_grid,
          ebering_ghost_rock_garden, serial_shops, nicolae_diamond_shop
D:8:      layout_basic, minivault_21, lightli_orcish_oven
D:9:      layout_roguey
D:10:     layout_roguey, erik_orc_4, minmay_nine_imps, uniq_grum
D:11:     layout_roguey, dpeg_lair_monsters, nrook_loot_triangle, tgw_xom,
          uniq_snorg
D:12:     layout_cave_pods, uniq_lodul, uniq_nessos, uniq_azrael, uniq_fannar
Lair:1:   layout_loops_ring, columned_hall_lemuel,
          eino_small_chamber_without_monster
Lair:2:   layout_small_grid
Lair:3:   layout_chaotic_city, spider_nest_entry_webs,
          hangedman_lair_unloving_vines, lemuel_fruit_fields
Lair:4:   layout_cave_shapes, minmay_swamp_entry_worms
Lair:5:   layout_hall_layers
Lair:6:   wormcave, layout_gridlike, guppyfry_lair_end_dragon, slime_altar_2,
          lemuel_fruit_tree, grunt_megastairs_2

Skill      XL: |  1  2  3  4  5  6  7  8  9 10 11 12 13 |
---------------+----------------------------------------+-----
Unarmed Combat | 4 6 7 8 9 10 12 | 12.6
Fighting       | 6 8 10 11 | 11.1
Maces & Flails | 3 6 9 10 | 10.8
Throwing       | 3 6 9 10 | 10.0
Dodging        | |  2.4

Action                   |  1- 3 |  4- 6 |  7- 9 | 10-12 | 13-15 || total
-------------------------+-------+-------+-------+-------+-------++-------
Melee: Unarmed           |    83 |   108 |   200 |   695 |    64 ||  1150
       Punch             |     1 |     3 |     8 |    32 |    13 ||    57
       Morningstar       |       |       |       |     1 |   107 ||   108
Throw: Dart              |       |     3 |     5 |     6 |       ||    14
       Large rock        |       |       |       |    20 |     3 ||    23
Invok: Berserk           |       |       |     2 |     7 |     3 ||    12
       Trog's Hand       |       |       |     1 |     2 |     1 ||     4
       Brothers in Arms  |       |       |       |     1 |     1 ||     2
Evoke: Wand              |       |       |       |     1 |     3 ||     4
  Use: Potion            |       |       |       |     4 |     8 ||    12
       Scroll            |       |       |       |    16 |     2 ||    18
 Stab: Sleeping          |     1 |       |     1 |     1 |       ||     3
       Distracted        |       |       |     1 |       |       ||     1
       Invisible         |       |       |       |     2 |       ||     2
Armor: Animal skin       |    19 |    17 |    22 |       |       ||    58
       Acid dragon scale |       |       |       |   112 |    65 ||   177
       Robe              |       |       |       |    15 |       ||    15
Dodge: Dodged            |    37 |    53 |    92 |   353 |   256 ||   791

Table legend: (Time is in decaauts)
 A = Elapsed time spent in this place.
 B = Non-inter-level travel time spent in this place.
 C = Inter-level travel time spent in this place.
 D = Time resting spent in this place.
 E = Time spent auto-exploring this place.
 F = Levels seen in this place.
 G = Mean time per level.
                   A        B        C        D        E       F      G
               +--------+--------+--------+--------+--------+-----+--------+
         Total |  14552 |  14074 |    478 |   1318 |   9529 |  18 |  808.4 |
       Dungeon |   8428 |   8126 |    302 |    248 |   6140 |  12 |  702.3 |
          Lair |   6123 |   5947 |    176 |   1070 |   3388 |   6 | 1020.5 |
               +--------+--------+--------+--------+--------+-----+--------+

Top non-repeatable levels by time:
  Lair:5: 1296 daAuts
  Lair:3: 1249 daAuts
  Lair:2: 1214 daAuts
     D:8: 1022 daAuts
     D:7: 998 daAuts
     D:5: 982 daAuts
    D:11: 934 daAuts
  Lair:6: 852 daAuts
  Lair:4: 803 daAuts
    D:10: 770 daAuts
     D:1: 765 daAuts
     D:9: 721 daAuts
  Lair:1: 707 daAuts
     D:6: 669 daAuts
     D:4: 562 daAuts
